AoeStats
← DJ Blyatman!

Black Forest

507937978Analyzed
2v2 RM · 13d ago on Sep 20, 2026· 34m 3s· 4 players
Game mode
Random Map
Map size
Medium (4 player)
Population
200
Speed
Normal
Resources
Standard
Victory
Conquest
Starting age
Dark Age
Ending age
Imperial Age
RankedLock teamsTeams togetherTeam positionsShared explorationLock speedFull tech treeHidden civsTurbo modeCheats
Victory
Defeat
🇨🇳 Chinese · China
1251
+15
🇨🇳 Poles · China
1216
+17
🇪🇸 Vietnamese · Spain
1277
-18
1182
-14
C.C.
1:22 Loom
11:28 Feudal Age
15:58 Castle Age
13:46 Double-Bit Axe
17:13 Horse Collar
24:46 Bow Saw
26:38 Heavy Plow
27:32 Wheelbarrow
27:19 Gold Mining
31:54 Imperial Age
29:51 Husbandry
30:40 Szlachta Privileges
30:52 Bloodlines
31:00 Scale Mail Armor
31:08 Scale Barding Armor
32:08 Forging
32:21 Chain Barding Armor
32:09 Cavalier
33:27 Forging
34:57 Conscription
DJ Blyatman!
3:53 Loom
9:01 Loom
11:26 Feudal Age
12:06 Double-Bit Axe
14:55 Fletching
22:11 Wheelbarrow
25:58 Castle Age
23:49 Horse Collar
24:28 Gold Mining
25:10 Padded Archer Armor
27:07 Crossbowman
28:06 Bow Saw
29:36 Bodkin Arrow
31:07 Town Watch
31:39 Medium Warships
32:34 Leather Archer Armor
ryzenvelos
2:19 Loom
11:20 Feudal Age
13:09 Forging
18:55 Gold Mining
18:58 Horse Collar
19:05 Double-Bit Axe
24:17 Castle Age
23:29 Wheelbarrow
23:22 Gold Mining
23:41 Fletching
24:03 Bloodlines
25:05 Bodkin Arrow
25:41 Husbandry
28:12 Padded Archer Armor
31:25 Leather Archer Armor
[EmPut] LucioCornelio
0:32 Loom
12:23 Feudal Age
17:43 Horse Collar
19:40 Double-Bit Axe
24:05 Castle Age
22:36 Scale Barding Armor
23:39 Fletching
24:01 Forging
25:10 Bodkin Arrow
25:39 Chain Barding Armor
25:31 Bloodlines
25:21 Husbandry
28:09 Iron Casting
28:02 Gold Mining
Connection lost

Rejoining the realm…

Still unreachable

The connection could not be restored.

Session expired

The server has moved on; the page needs a fresh start.